 Dungeon Crawl Stone Soup version 0.24-a0-537-g2d01d4ab0a (webtiles) character file.

Game seed: 1337975006242362535

113020 MordorOrchid the Tortoise (level 16, 0/105 HPs)
             Began as a Gargoyle Wanderer on Aug 15, 2019.
             Was an Initiate of Gozag.
             Killed from afar by Nikola (5 damage)
             ... with a chain lightning
             ... on level 1 of the Shoals on Aug 16, 2019.
             The game lasted 03:06:42 (24077 turns).

MordorOrchid the Tortoise (Gargoyle Wanderer)      Turns: 24077, Time: 03:06:45

Health: 0/105      AC: 41    Str: 21    XL:     16   Next: 62%
Magic:  31/31      EV:  9    Int: 14    God:    Gozag
Gold:   2445       SH: 19    Dex:  8    Spells: 22/23 levels left

rFire    . . .     SeeInvis .   F - +2 broad axe (freeze)
rCold    + + +     Gourm    .   g - +5 shield {AC+3}
rNeg     + . .     Faith    .   L - +3 chain mail {rC+}
rPois    ∞         Spirit   .   n - +2 hat {Int+3}
rElec    +         Reflect  +   w - +0 cloak
rCorr    .         Harm     .   V - +0 pair of gloves
MR       ++...                  (no boots)
Stlth    ..........             r - amulet of Anarchy {Reflect rC+++ MP+9 Int-5 SH+4 Stlth+}
HPRegen  0.27/turn              K - +4 ring of protection
MPRegen  0.22/turn              p - ring of protection from magic

@: gold aura, flying, very slightly contaminated
A: big wings, negative energy resistance 1, electricity resistance, unbreathing,
petrification resistance, rot immunity, AC +12
a: Stop Flying, Potion Petition, Call Merchant, Bribe Branch, Renounce Religion


You were on level 1 of the Shoals.
You worshipped Gozag.
Gozag was most pleased with you.
You were hungry.

You visited 6 branches of the dungeon, and saw 27 of its levels.
You also visited: Ossuary.

You collected 8732 gold pieces.
You spent 2212 gold pieces at shops.
You paid 4075 gold pieces to Gozag.

Inventory:

Hand Weapons
 a - the +6 war axe of Disintegration {holy, rPois}
   (You bought it in a shop on level 2 of the Orcish Mines)

   It has been blessed by the Shining One to cause great damage to the undead
   and demons.
   It protects you from poison.
 F - a +2 broad axe of freezing (weapon)
Missiles
 l - 8 boomerangs (quivered)
 s - 7 javelins
 y - 5 atropa-tipped darts
Armour
 g - a +5 shield of protection (worn)
 n - a +2 hat of intelligence (worn)
 w - a +0 cloak (worn)
 L - a +3 chain mail of cold resistance (worn)
 V - a +0 pair of gloves (worn)
Jewellery
 d - an uncursed amulet of guardian spirit
 p - a ring of protection from magic (right hand)
 r - the amulet of Anarchy (around neck) {Reflect rC+++ MP+9 Int-5 SH+4 Stlth+}
   (You found it on level 1 of the Snake Pit)

   [amulet of reflection]

   It shields you and reflects attacks.
   It affects your intelligence (-5).
   It renders you almost immune to cold.
   It affects your magic capacity (+9).
   It affects your SH (+4).
   It makes you more stealthy.
 E - an uncursed ring of ice
 K - a +4 ring of protection (left hand)
 R - an uncursed ring of protection from fire
Wands
 i - a wand of random effects (6)
 j - a wand of flame (15)
 k - a wand of paralysis (20)
 q - a wand of scattershot (1)
 t - a wand of enslavement (4)
 A - a wand of digging (11)
 H - a wand of polymorph (25)
 S - a wand of acid (5)
Scrolls
 c - 5 scrolls of teleportation
 e - 7 scrolls of immolation
 h - a scroll of noise
 m - 16 scrolls of remove curse
 D - 3 scrolls of fog
 G - 2 scrolls of blinking
 T - a scroll of fear
 U - 8 scrolls of identify
 X - a scroll of magic mapping
Potions
 b - 2 potions of lignification
 u - 8 potions of curing
 z - a potion of resistance
 B - a potion of ambrosia
 Q - 3 potions of magic
 Y - a potion of haste
Miscellaneous
 v - a fan of gales
 x - a phial of floods
 O - a box of beasts
Comestibles
 f - 22 rations


   Skills:
 * Level 13.9 Fighting
 + Level 14.3 Axes
 * Level 7.6 Throwing
 * Level 15.5 Armour
 * Level 7.2 Dodging
 * Level 6.2 Shields
 - Level 4.0 Spellcasting
 - Level 3.6 Hexes
 - Level 7.0 Evocations


You had 22 spell levels left.
You knew the following spells:

 Your Spells              Type           Power        Failure   Level  Hunger
a - Confusing Touch       Hex            ##....       54%         1    None

Your spell library contained the following spells:

 Spells                   Type           Power        Failure   Level  Hunger
 Confuse                  Hex            ##......     89%         3    ###....
 Flame Tongue             Conj/Fire      #....        96%         1    None
 Throw Flame              Conj/Fire      #.....       99%         2    ##.....
 Inner Flame              Hex/Fire       #.......     99%         3    ###....
 Conjure Flame            Conj/Fire      #.......     100%        3    ###....
 Gell's Gravitas          Tloc           #.........   100%        3    ###....
 Ignite Poison            Fire/Tmut/Pois #.......     100%        3    ###....
 Petrify                  Tmut/Erth      #.......     100%        4    ####...
 Sticky Flame             Conj/Fire      #.......     100%        4    ####...
 Fireball                 Conj/Fire      #.........   100%        5    ######.
 Metabolic Englaciation   Hex/Ice        #.........   100%        5    ######.
 Yara's Violent Unravell  Hex/Tmut       #.........   100%        5    ######.
 Bolt of Fire             Conj/Fire      #.........   100%        6    #######
 Ring of Flames           Chrm/Fire      #.........   100%        7    #######
 Ignition                 Fire           #.........   100%        8    #######


Dungeon Overview and Level Annotations

Branches:
Dungeon (14/15)            Temple (1/1) D:5            Lair (6/6) D:8
 Shoals (1/4) Lair:2        Snake (3/4) Lair:2        Slime (0/5) Lair:5
    Orc (2/2) D:10            Elf (0/3) Orc:2
 Vaults: D:13-14

Altars:
Ashenzari
Cheibriados
Dithmenos
Elyvilon
Fedhas
Gozag
Hepliaklqana
Kikubaaqudgha
Makhleb
Nemelex Xobeh
Okawaru
Qazlal
Ru
Sif Muna
Trog
Uskayaw
Vehumet
Wu Jian
Xom
Yredelemnul
Zin
The Shining One

Shops:
D:6 (   D:9 *   Orc:2 ?*(*(

Annotations:
D:13 Azrael
D:14 exclusions: ice statue and upstairs
Lair:4 exclusion: downstairs
Lair:6 exclusion: upstairs
Shoals:1 Nikola
Snake:2 3 runed translucent doors, exclusion: obsidian statue, Ypturch's ghost, journeyman MiFi
Snake:3 Jorgrun
Orc:1 1 runed translucent door, Qeag Mer's ghost, adept BaIE


Innate Abilities, Weirdness & Mutations

You are resistant to torment.
Your stone body is resilient. (AC +12)
You are immune to poison.
Your large and strong wings let you fly indefinitely.
You resist negative energy. (rN+)
You are resistant to electric shocks. (rElec)
You can survive without breathing.
You are immune to petrification.
You are immune to rotting.


Message History

The volley of spikes hits you but does no damage.
Evoke which item? (* to show all) (? for menu, Esc to quit)
Aiming: Random Effects
Press: ? - help, Shift-Dir - straight line
Aim: Disturbance The mass of ice explodes!
The iceblast engulfs something!
The manticore flicks its tail.
The volley of spikes hits you but does no damage.
The manticore becomes distracted by the nearby gold, dreaming of imaginary riches.
The sea snake becomes distracted by the nearby gold, dreaming of imaginary riches.
The sea snake hisses angrily.
You hear some strange, mumbled words.
You hear a mighty clap of thunder!
A lightning arc appears from out of thin air!
The lightning arc hits you! You resist.
* * * LOW HITPOINT WARNING * * *
The lightning arc hits something.
The lightning arc hits you. You resist.
* * * LOW HITPOINT WARNING * * *
The lightning arc hits the plant!!
The lightning arc hits you. You resist.
You die...
Your body crumbles into a pile of gold.

≈≈≈≈≈≈≈≈≈≈≈P≈≈.## ≈≈≈≈
≈≈≈≈≈≈≈≈≈≈≈≈≈≈.## .≈≈≈≈
≈≈≈≈≈≈≈≈≈≈≈≈≈≈?.###.P≈≈≈
≈≈≈≈≈≈≈≈≈≈≈≈....P..P≈≈≈≈≈
≈≈≈≈≈≈≈≈≈≈≈≈≈≈.###P.≈≈≈≈≈≈≈
≈≈≈≈≈≈≈≈≈≈≈≈P.## #.≈≈≈≈≈≈≈≈
≈≈≈≈≈≈≈≈≈≈≈≈≈..###P≈≈≈≈≈≈≈≈
≈≈≈≈≈≈≈≈≈≈$$$$<....P≈≈≈≈≈≈≈
≈≈≈≈≈≈≈≈≈≈$$@.####.P≈P≈≈≈≈≈
≈≈≈≈≈≈≈≈≈$(#### #..≈≈≈≈≈≈≈
≈≈≈≈≈≈≈$≈($# ##.P≈≈≈P≈≈
≈≈≈≈≈≈≈≈≈.$# #P≈P≈≈≈≈P
≈≈≈≈≈.$$≈H## ...P≈≈P≈.
.≈≈≈≈.HS$..# ...≈≈≈...
..≈≈≈≈$≈≈...# #..^≈..
#..≈≈.≈≈≈≈≈..#
...≈≈≈≈≈≈≈..H.≈


You could see a manticore.

Vanquished Creatures
  Asterion (Snake:1)
  Gastronok (Lair:3)
  Kirke (Snake:1)
  A nagaraja (Snake:2)
  A fire giant (D:10)
  A stone giant (Orc:1)
  Snorg (Lair:6)
  Erolcha (D:13)
  5 hydras
  5 anacondas
  2 centaur warriors
  A tengu warrior (D:14)
  A catoblepas (Lair:2)
  2 two-headed ogres
  A merfolk aquamancer (Shoals:1)
  A death yak (Lair:4)
  4 orc high priests (Orc:2)
  Urug (Orc:1)
  A shock serpent (Snake:1)
  5 naga sharpshooters
  4 orc knights
  3 skeletal warriors
  Pikel (D:9)
  A necromancer (Lair:2)
  5 naga ritualists
  A lindwurm (Lair:6)
  The ghost of Mithandil the Abyss-Baptised, a novice DsAK of Lugonu (D:5)
  3 manticores
  An ugly thing (D:13)
  7 mana vipers
  A cyclops (D:11)
  A faun (Shoals:1)
  6 orc sorcerers
  15 elephants
  8 naga magi
  2 salamanders (Snake:2)
  The ghost of Burgietje the Cleaver, a novice HOFi (D:5)
  3 merfolk sirens (Shoals:1)
  21 black mambas
  2 centaur zombies
  The ghost of Esekla the Skirmisher, a novice GnAK of Lugonu (D:5)
  12 spiny frogs
  A human (D:14)
  A rime drake (Lair:6)
  7 komodo dragons
  5 trolls
  6 polar bears
  8 blink frogs
  Grinder (D:4)
  Prince Ribbit (D:9)
  4 slime creatures (D:14)
  7 hornets
  4 merfolk (Shoals:1)
  2 dream sheep (Lair:6)
  8 hippogriffs
  15 spriggans (Lair:6)
  3 water elementals (Shoals:1)
  The ghost of chipichau the Covert, an amateur SpAs (D:5)
  A snapping turtle (Shoals:1)
  2 wyverns
  55 yaks
  5 fire bats
  3 fire elementals (D:14)
  2 hungry ghosts
  3 basilisks
  2 steam dragons
  6 hogs (Snake:1)
  4 vampire mosquitoes (D:14)
  Menkaure (D:5)
  18 nagas
  2 wargs
  Duvessa (D:6)
  11 water moccasins
  6 porcupines
  3 ice beasts
  22 orc warriors
  4 sky beasts
  3 black bears (Lair:6)
  An eye of draining (D:7)
  2 phantoms (D:7)
  A necrophage (D:11)
  42 wolves
  A centaur (shapeshifter) (D:14)
  5 ogres
  3 boggarts (Lair:6)
  4 centaurs
  12 crocodiles
  2 big kobolds
  14 bullfrogs
  Dowan (D:6)
  2 wyvern skeletons
  4 scorpions
  16 killer bees
  2 electric eels (D:10)
  2 howler monkeys (D:6)
  A crimson imp (D:11)
  A gnoll shaman (D:8)
  4 bullfrog zombies
  4 jellies
  6 hounds
  3 centaur skeletons
  17 orc priests
  3 bullfrog skeletons
  Natasha (thrice) (D:4)
  27 orc wizards
  2 hell rats (Lair:6)
  3 iguanas
  5 yak simulacra (Lair:2)
  2 polar bear simulacra (Lair:2)
  A wolf simulacrum (Lair:2)
  11 worker ants
  7 big kobold zombies (Ossuary)
  2 hound skeletons
  A mummy (Ossuary)
  A howler monkey skeleton (D:10)
  10 gnolls
  11 adders
  5 river rats (Lair:6)
  2 shadow imps
  7 oozes
  4 adder skeletons
  4 worms
  5 dart slugs
  A leopard gecko (D:2)
  81 orcs
  5 spectral bats (Ossuary)
  6 bats
  6 giant cockroaches
  5 gnoll zombies (Ossuary)
  7 goblins
  6 hobgoblins
  16 jackals
  15 kobolds
  5 quokkas
  3 bat simulacra (Ossuary)
  3 frilled lizards
  4 goblin simulacra (Ossuary)
  3 goblin zombies (Ossuary)
  4 hobgoblin zombies (Ossuary)
  A jackal zombie (D:7)
  A kobold simulacrum (Ossuary)
  5 kobold zombies (Ossuary)
  6 orc zombies (Ossuary)
  A quokka skeleton (D:9)
  9 rats
  A rat simulacrum (Ossuary)
  3 river rat simulacra (Lair:2)
  3 spectral goblins (Ossuary)
  2 spectral kobolds (Ossuary)
  5 spectral rats (Ossuary)
  5 fungi
  A plant (Lair:4)
844 creatures vanquished.

Vanquished Creatures (collateral kills)
  An orc high priest (Orc:2)
  2 slime creatures (D:14)
  3 yaks (D:14)
  An ogre (Orc:2)
  A wolf (Lair:6)
  An orc priest (Orc:2)
  An orc wizard (Orc:2)
10 creatures vanquished.

Vanquished Creatures (others)
  Vashnia (Snake:2)
  A merfolk impaler (Shoals:1)
  2 naga sharpshooters (Snake:1)
  An orc knight (Orc:2)
  A faun (Shoals:1)
  3 manticores (Shoals:1)
  A black mamba (Lair:6)
  2 merfolk (Shoals:1)
  A human (Snake:1)
  An ogre (D:9)
  A centaur (D:9)
  2 killer bees (D:11)
  A crimson imp (D:9)
  A hound (D:9)
  An orc priest (D:10)
  A worker ant (D:10)
  7 fungi
  10 plants
38 creatures vanquished.

Grand Total: 892 creatures vanquished

Notes
Turn   | Place    | Note
-------+----------+-------------------------------------------
     0 | D:1      | MordorOrchid the Gargoyle Wanderer began the quest for the
                  | Orb.
     0 | D:1      | MordorOrchid set off with the following items: a +2 hand
                  | axe, a potion of lignification, a scroll of teleportation,
                  | a +0 robe, a ration
     0 | D:1      | Reached XP level 1. HP: 18/18 MP: 1/1
   226 | D:1      | Reached skill level 2 in Armour
   226 | D:1      | Reached XP level 2. HP: 21/23 MP: 2/2
   570 | D:1      | Reached skill level 3 in Armour
   742 | D:2      | Reached XP level 3. HP: 22/28 MP: 3/3
   754 | D:2      | Reached XP level 4. HP: 24/32 MP: 4/4
  1400 | D:3      | Reached XP level 5. HP: 33/37 MP: 3/5
  1779 | D:3      | Reached XP level 6. HP: 39/42 MP: 7/7
  1828 | D:3      | Found a white marble altar of Elyvilon.
  1834 | D:3      | Found a radiant altar of Vehumet.
  2041 | D:4      | Noticed Grinder
  2079 | D:4      | Paralysed by Grinder for 5 turns
  2144 | D:4      | Killed Grinder
  2144 | D:4      | Reached skill level 5 in Axes
  2144 | D:4      | Reached skill level 4 in Armour
  2144 | D:4      | Reached XP level 7. HP: 34/47 MP: 5/8
  2183 | D:4      | Found a sand-covered staircase.
  2189 | Ossuary  | Entered an ossuary
  2724 | D:4      | Noticed Natasha
  2728 | D:4      | Reached XP level 8. HP: 18/52 MP: 3/10
  2736 | D:4      | Killed Natasha
  2736 | D:4      | Noticed Natasha
  2739 | D:4      | Killed Natasha
  3126 | D:4      | Noticed Natasha
  3135 | D:4      | Killed Natasha
  3140 | D:5      | Entered Level 5 of the Dungeon
  3147 | D:5      | Reached skill level 5 in Armour
  3180 | D:5      | Found a staircase to the Ecumenical Temple.
  3194 | Temple   | Entered the Ecumenical Temple
  3233 | Temple   | Became a worshipper of Gozag Ym Sagoz the Greedy
  3366 | D:5      | Noticed Menkaure
  3376 | D:5      | Killed Menkaure
  3490 | D:5      | Found a runed translucent gate.
  3490 | D:5      | Found a runed translucent gate.
  3494 | D:5      | Found a runed translucent gate.
  3494 | D:5      | Noticed Esekla's ghost (novice GnAK)
  3494 | D:5      | Noticed Burgietje's ghost (novice HOFi)
  3495 | D:5      | Noticed Mithandil's ghost (novice DsAK)
  3496 | D:5      | Noticed chipichau's ghost (amateur SpAs)
  3546 | D:5      | Killed Mithandil's ghost
  3546 | D:5      | Reached skill level 6 in Armour
  3546 | D:5      | Reached XP level 9. HP: 33/56 MP: 4/12
  3555 | D:5      | Killed Esekla's ghost
  3555 | D:5      | Reached skill level 7 in Armour
  3558 | D:5      | Killed Burgietje's ghost
  3558 | D:5      | Killed chipichau's ghost
  3767 | D:6      | Found Cyloduunki's Antique Weapon Shoppe.
  3954 | D:6      | Found a blossoming altar of Fedhas.
  3986 | D:6      | Reached skill level 8 in Armour
  4210 | D:6      | Noticed Dowan
  4210 | D:6      | Noticed Duvessa
  4238 | D:6      | Killed Duvessa
  4238 | D:6      | Reached XP level 10. HP: 47/61 MP: 11/13
  4239 | D:6      | Killed Dowan
  4393 | D:7      | Reached skill level 5 in Evocations
  4414 | D:7      | Found a bloodstained altar of Trog.
  4535 | D:7      | Found a glowing golden altar of the Shining One.
  4569 | D:7      | Found an ornate altar of the Wu Jian Council.
  4768 | D:7      | Reached skill level 10 in Axes
  4815 | D:7      | Found a basalt altar of Yredelemnul.
  5005 | D:8      | Noticed a +0 hand axe
  5005 | D:8      | Noticed a +0 dagger
  5006 | D:8      | Found a hide-covered altar of Uskayaw.
  5131 | D:8      | Reached skill level 9 in Armour
  5182 | D:8      | Learned a level 1 spell: Confusing Touch
  5661 | D:8      | Found an iron altar of Okawaru.
  5664 | D:8      | Found a stormy altar of Qazlal.
  5667 | D:8      | Found a sparkling altar of Nemelex Xobeh.
  5734 | D:8      | Noticed an elephant
  5785 | D:8      | Killed an elephant
  5878 | D:8      | Found a staircase to the Lair.
  6176 | Lair:1   | Entered Level 1 of the Lair of Beasts
  6176 | Lair:1   | Noticed a spiny frog
  6179 | Lair:1   | Killed a spiny frog
  6179 | Lair:1   | Noticed a spiny frog
  6198 | D:8      | Reached skill level 10 in Armour
  6198 | D:8      | Reached XP level 11. HP: 28/66 MP: 8/15
  6523 | D:9      | Noticed Pikel
  6542 | D:9      | Killed Pikel
  6560 | D:9      | Noticed a two-headed ogre
  6569 | D:9      | Killed a two-headed ogre
  6700 | D:9      | Noticed Prince Ribbit
  6734 | D:9      | Killed Prince Ribbit
  6764 | D:9      | Found Ranum's General Store.
  6768 | D:9      | Bought a wand of paralysis (9) for 176 gold pieces
  6968 | D:10     | Entered Level 10 of the Dungeon
  7057 | D:10     | Noticed a fire giant
  8042 | Lair:1   | Reached skill level 11 in Armour
  8405 | Lair:2   | Noticed an eight-headed hydra
  8407 | Lair:2   | Killed an eight-headed hydra
  8407 | Lair:2   | Reached skill level 1 in Throwing
  8415 | Lair:2   | Noticed a catoblepas
  8441 | Lair:2   | Killed a catoblepas
  8441 | Lair:2   | Reached skill level 1 in Dodging
  8453 | Lair:2   | Found a staircase to the Shoals.
  8453 | Lair:2   | Noticed a manticore
  8470 | Lair:2   | Killed a manticore
  8470 | Lair:2   | Reached XP level 12. HP: 72/72 MP: 7/17
  8651 | Lair:2   | Found a staircase to the Snake Pit.
  8729 | Lair:2   | Got a bloodstained robe
  8854 | Lair:2   | Reached skill level 12 in Armour
  9054 | Lair:2   | HP: 3/72 [wolf (5)]
  9511 | Lair:3   | Noticed a seven-headed hydra
  9822 | Lair:3   | Noticed a four-headed hydra
  9825 | Lair:3   | Killed a four-headed hydra
  9878 | Lair:3   | Noticed Gastronok
  9974 | Lair:3   | Killed a seven-headed hydra
 10019 | Lair:3   | Killed Gastronok
 10066 | Lair:3   | Reached skill level 13 in Armour
 10179 | Lair:3   | Reached XP level 13. HP: 16/80 MP: 6/18
 10531 | D:10     | Found an iron altar of Okawaru.
 10739 | D:10     | HP: 4/80 [fire giant/the +7 great mace "Firestarter" {inner
                  | flame, rF++} (9)]
 10741 | D:10     | HP: 1/80 [fire giant/the +7 great mace "Firestarter" {inner
                  | flame, rF++} (3)]
 10742 | D:10     | Killed a fire giant
 11061 | D:10     | You fall into a shaft and drop 3 floors!
 11154 | D:12     | Reached skill level 10 in Fighting
 11424 | D:12     | You fall into a shaft and drop 2 floors!
 11458 | D:14     | Reached skill level 5 in Throwing
 11809 | D:13     | Noticed Erolcha
 12366 | D:13     | Noticed Azrael
 12939 | D:13     | Reached skill level 14 in Armour
 13253 | D:13     | Killed Erolcha
 14096 | D:10     | Found a staircase to the Orcish Mines.
 14280 | D:11     | Found a white marble altar of Elyvilon.
 14336 | D:11     | Gained mutation: Your large and strong wings let you fly
                  | indefinitely. [Gargoyle growth]
 14336 | D:11     | Reached XP level 14. HP: 44/90 MP: 15/19
 14914 | Orc:1    | Entered Level 1 of the Orcish Mines
 14959 | Orc:1    | Noticed Urug
 14986 | Orc:1    | Killed Urug
 14986 | Orc:1    | Reached skill level 5 in Dodging
 15205 | Orc:1    | Found a runed translucent door.
 15210 | Orc:1    | Noticed Qeag Mer's ghost (adept BaIE)
 15239 | Orc:1    | Noticed a stone giant
 15263 | Orc:1    | Killed a stone giant
 15263 | Orc:1    | Reached skill level 1 in Spellcasting
 15263 | Orc:1    | Reached skill level 1 in Hexes
 15606 | Orc:1    | Paralysed by an orc sorcerer for 2 turns
 15812 | Orc:2    | Entered Level 2 of the Orcish Mines
 16063 | Orc:2    | Found a staircase to the Elven Halls.
 16331 | Orc:2    | Paralysed by an orc sorcerer for 7 turns
 16555 | Orc:2    | Found Kewkam's Weapon Shop.
 16563 | Orc:2    | Bought 2 datura-tipped darts for 14 gold pieces
 17749 | Orc:2    | Found Xefa's General Store.
 17749 | Orc:2    | Found Agotez's Weapon Shop.
 17753 | Orc:2    | Found Foohi's Magic Scroll Shop.
 17753 | Orc:2    | Found Caocw's General Store.
 17762 | Orc:2    | Bought a scroll of brand weapon for 220 gold pieces
 17762 | Orc:2    | Bought a scroll of identify for 22 gold pieces
 17762 | Orc:2    | Bought a scroll of identify for 22 gold pieces
 17762 | Orc:2    | Bought a scroll of identify for 22 gold pieces
 17762 | Orc:2    | Bought a scroll of teleportation for 33 gold pieces
 17762 | Orc:2    | Bought a scroll of blinking for 82 gold pieces
 17762 | Orc:2    | Bought a scroll of enchant armour for 82 gold pieces
 17770 | Orc:2    | Bought the +6 war axe of Disintegration {holy, rPois} for
                  | 712 gold pieces
 17772 | Orc:2    | Bought a scroll of immolation for 38 gold pieces
 17772 | Orc:2    | Bought a scroll of immolation for 38 gold pieces
 17772 | Orc:2    | Bought a scroll of magic mapping for 38 gold pieces
 17773 | Orc:2    | Bought a ration for 75 gold pieces
 17775 | Orc:2    | Bought a ration for 80 gold pieces
 17775 | Orc:2    | Bought a ration for 80 gold pieces
 17775 | Orc:2    | Bought a potion of haste for 160 gold pieces
 17775 | Orc:2    | Bought a scroll of enchant weapon for 120 gold pieces
 17775 | Orc:2    | Bought 5 atropa-tipped darts for 48 gold pieces
 17866 | Orc:2    | Bought a potion of haste for 150 gold pieces
 18786 | Lair:6   | Entered Level 6 of the Lair of Beasts
 19084 | Lair:5   | Found a staircase to the Slime Pits.
 19226 | Lair:5   | Reached XP level 15. HP: 84/97 MP: 17/20
 20136 | Lair:6   | Reached skill level 15 in Armour
 20762 | Lair:6   | Noticed Snorg
 20805 | Lair:6   | Killed Snorg
 21036 | Snake:1  | Entered Level 1 of the Snake Pit
 21113 | Snake:1  | Got an ancient crystal amulet
 21114 | Snake:1  | Identified the amulet of Anarchy {Reflect rC+++ MP+9 Int-5
                  | SH+4 Stlth+} (You found it on level 1 of the Snake Pit)
 21190 | Snake:1  | Noticed Kirke
 21204 | Snake:1  | Killed Kirke
 22143 | Snake:2  | Noticed Asterion
 22148 | Snake:1  | Noticed an Executioner
 22392 | Snake:2  | Reached XP level 16. HP: 100/104 MP: 22/22
 22539 | Snake:1  | HP: 5/104 [mana viper (11)]
 22815 | Snake:2  | Noticed a nagaraja
 22843 | Snake:1  | Noticed an Executioner
 22995 | Snake:1  | Killed Asterion
 22995 | Snake:1  | Reached skill level 5 in Shields
 23069 | Snake:2  | Noticed Vashnia
 23387 | Snake:2  | Found a runed translucent gate.
 23387 | Snake:2  | Found a runed translucent gate.
 23387 | Snake:2  | Found a runed translucent gate.
 23388 | Snake:2  | Noticed Ypturch's ghost (journeyman MiFi)
 23389 | Snake:2  | Found an opulent altar of Gozag.
 23389 | Snake:2  | Noticed a nagaraja
 23488 | Snake:2  | Killed a nagaraja
 23746 | Snake:2  | Killed Vashnia
 23905 | Snake:3  | Noticed Jorgrun
 23955 | Shoals:1 | Entered Level 1 of the Shoals
 23981 | Shoals:1 | Noticed Nikola
 24077 | Shoals:1 | HP: 5/105 [something/chain lightning (5)]
 24077 | Shoals:1 | Killed from afar by Nikola

Levels and vault maps discovered:
D:1:      dpeg_arrival_rooms_with_view, layout_loops_corners, corner_web_ring
D:2:      layout_basic, minmay_vboxes
D:3:      layout_basic, nicolae_overflow_hidden_temple
D:4:      layout_rooms, nicolae_ossuary_entry_monument, first_ration,
          uniq_natasha, uniq_grinder
D:5:      layout_rooms, minmay_temple_entry_wispy, gammafunk_ghost_cemetery,
          uniq_crazy_yiuf_cottage, uniq_menkaure
D:6:      layout_basic, fedhas_altar_3, serial_shops, shop, grunt_ministairs_13,
          uniq_duvessa
D:7:      layout_rooms, nicolae_overflow_crystal_walls, trog_eyes_of_draining,
          kennysheep_little_box, lemuel_altar_in_water
D:8:      layout_basic, dancing_weapons_uskayaw, grunt_temple_overflow_diamond,
          david_lair_generic
D:9:      layout_irregular_city, serial_shops, shop, uniq_prince_ribbit1,
          uniq_pikel
D:10:     minmay_firetagon, layout_cave_pools, erik_orc_2, basic_altar
D:11:     layout_irregular_city, nrook_uturn, minmay_ruined_shrine
D:12:     layout_roguey, special_room [special_room_orc]
D:13:     layout_roguey, lightli_vaults_fourway_checkpoint, uniq_azrael,
          uniq_erolcha
D:14:     layout_small_grid, serial_shops, statue_bzr, nicolae_wwwww,
          grunt_livestock, minmay_radiant
Temple:   nicolae_temple_x_marks_the_god
Lair:1:   layout_long_grid
Lair:2:   layout_cave_pods, minmay_shoals_entry_beasts,
          minmay_snake_entry_guardpost_medium, eino_house_with_fridge,
          serial_bayou_shore_b
Lair:3:   layout_chaotic_city, grunt_megastairs_2, serial_bayou_shore_b,
          uniq_gastronok
Lair:4:   layout_roguey, beast_lair_carwin_2
Lair:5:   layout_cave_pods, nicolae_slime_entry_slimehenge, bh_chokoban
Lair:6:   minmay_lair_end_enchanted_forest, layout_misc_corridors,
          kennysheep_abandoned_house, uniq_snorg
Shoals:1: layout_shoals, nicolae_shoals_cliffside_cave, uniq_nikola
Snake:1:  layout_onion, uniq_kirke
Snake:2:  layout_grid_shapes, ebering_ghost_gozag, uniq_vashnia, uniq_asterion
Snake:3:  layout_misc_corridors, serial_bayou_pond_b, uniq_jorgrun
Orc:1:    layout_caves, ebering_ghost_inner_flame, uniq_urug
Orc:2:    grunt_orc_tribal_feast, layout_caves, serial_shops, shop_statue,
          nicolae_orc_sculptors_studio

Skill      XL: |  1  2  3  4  5  6  7  8  9 10 11 12 13 14 15 16 |
---------------+-------------------------------------------------+-----
Armour         | 2 3 4 6 8 10 11 13 14 15 | 15.5
Axes           | 2 3 4 5 6 8 9 11 12 13 14 | 14.3
Evocations     | 2 4 6 7 |  7.0
Throwing       | 1 4 5 6 7 |  7.6
Dodging        | 1 3 4 5 6 7 |  7.2
Fighting       | 7 9 11 12 13 | 13.9
Spellcasting   | 3 4 |  4.0
Hexes          | 3 |  3.6
Shields        | 4 6 |  6.2

Action                   |  1- 3 |  4- 6 |  7- 9 | 10-12 | 13-15 | 16-18 || total
-------------------------+-------+-------+-------+-------+-------+-------++-------
Melee: Hand axe          |    79 |   211 |   538 |  1244 |   537 |       ||  2609
       Hunting sling     |       |       |       |     7 |       |       ||     7
       War axe           |       |       |       |       |   752 |       ||   752
       Broad axe         |       |       |       |       |   838 |   202 ||  1040
       Battleaxe         |       |       |       |       |   134 |       ||   134
 Fire: Hunting sling     |       |       |       |       |    39 |       ||    39
Throw: Dart              |       |     3 |     2 |    49 |    21 |     2 ||    77
       Boomerang         |       |       |     1 |    66 |   156 |   149 ||   372
       Javelin           |       |       |       |       |     1 |       ||     1
       Throwing net      |       |       |       |       |     1 |       ||     1
 Cast: Confusing Touch   |       |       |       |       |     6 |     2 ||     8
Invok: Potion Petition   |       |       |     1 |     3 |     4 |     2 ||    10
 Abil: Fly               |       |       |       |       |       |     1 ||     1
Evoke: Wand              |       |     2 |     5 |    48 |    16 |     4 ||    75
       Phial of floods   |       |       |       |       |       |     1 ||     1
  Use: Scroll            |       |     4 |     4 |     8 |    20 |     5 ||    41
       Potion            |       |     5 |     3 |     3 |    12 |     4 ||    27
 Stab: Paralysed         |       |       |       |    35 |     8 |       ||    43
       Distracted        |       |       |       |     4 |     6 |     4 ||    14
       Invisible         |       |       |       |       |     6 |     7 ||    13
       Confused          |       |       |       |       |     3 |       ||     3
  Eat: Chunk             |       |     5 |     5 |       |       |       ||    10
       Ration            |       |       |     1 |     7 |    16 |     2 ||    26
Armor: Robe              |    12 |       |       |       |       |       ||    12
       Ring mail         |    26 |       |       |       |       |       ||    26
       Scale mail        |    24 |   167 |   305 |   328 |       |       ||   824
       Chain mail        |       |       |       |   317 |  1663 |   168 ||  2148
Dodge: Dodged            |    50 |   132 |   236 |   421 |   992 |    66 ||  1897
Block: Shield            |       |       |       |       |   167 |   257 ||   424
       Buckler           |       |       |       |       |    28 |       ||    28
       Reflection        |       |       |       |       |     8 |    42 ||    50

Table legend:
 A = Non-vault XP
 B = Vault XP
 C = Vault XP percentage of total XP
 D = Non-vault monster count
 E = Vault monster count
 F = Vault count percentage of total count
                 A         B        C        D         E       F
            +---------+---------+-------+---------+---------+-------
      Total |  111607 |   49851 |  30.9 |     607 |     253 |  29.4
            +---------+---------+-------+---------+---------+-------
        D:1 |      26 |       4 |  13.3 |      14 |       2 |  12.5
        D:2 |     108 |      19 |  15.0 |      21 |       5 |  19.2
        D:3 |     268 |       0 |   0.0 |      29 |       0 |   0.0
        D:4 |     577 |     302 |  34.4 |      29 |       2 |   6.5
        D:5 |     509 |    1895 |  78.8 |      14 |       5 |  26.3
        D:6 |     611 |     236 |  27.9 |      17 |       2 |  10.5
        D:7 |    1233 |     130 |   9.5 |      31 |       3 |   8.8
        D:8 |    3703 |     999 |  21.2 |      44 |       4 |   8.3
        D:9 |    2399 |    1687 |  41.3 |      22 |       7 |  24.1
       D:10 |     698 |    2671 |  79.3 |      17 |      21 |  55.3
       D:11 |    2913 |    1929 |  39.8 |      24 |       5 |  17.2
       D:12 |    4542 |       0 |   0.0 |      19 |       0 |   0.0
       D:13 |    1772 |     985 |  35.7 |      13 |       1 |   7.1
       D:14 |    5587 |    1231 |  18.1 |      19 |       8 |  29.6
     Lair:1 |    1270 |       0 |   0.0 |       6 |       0 |   0.0
     Lair:2 |    5959 |    2187 |  26.8 |      30 |      17 |  36.2
     Lair:3 |    6577 |    2544 |  27.9 |      25 |       3 |  10.7
     Lair:4 |    7392 |    1313 |  15.1 |      22 |       3 |  12.0
     Lair:5 |    5549 |      78 |   1.4 |      20 |       6 |  23.1
     Lair:6 |   12601 |   11134 |  46.9 |      46 |      62 |  57.4
   Shoals:1 |    6473 |       0 |   0.0 |      19 |       0 |   0.0
    Snake:1 |   22827 |    5133 |  18.4 |      45 |       8 |  15.1
    Snake:2 |    9030 |    7104 |  44.0 |      20 |       4 |  16.7
      Orc:1 |    5355 |    1839 |  25.6 |      32 |       6 |  15.8
      Orc:2 |    3628 |    6168 |  63.0 |      29 |      24 |  45.3
    Ossuary |       0 |     263 | 100.0 |       0 |      55 | 100.0
            +---------+---------+-------+---------+---------+-------
